 Dungeon Crawl Stone Soup version 0.31-a0-1104-g3bd3108 (webtiles) character file.

Game seed: 348332156289714096

5649 blake the Nimble (level 10, -1/82 HPs)
             Began as a Gnoll Monk on Dec 2, 2023.
             Constricted to death by a vampire (3 damage)
             ... on level 9 of the Dungeon.
             The game lasted 00:30:22 (6516 turns).

blake the Nimble (Gnoll Monk)                       Turns: 6516, Time: 00:30:22

Health: -1/82      AC: 13    Str: 13    XL:     10   Next: 74%
Magic:  17/18      EV: 12    Int: 15    God:
Gold:   125        SH:  0    Dex: 16    Spells: 17/20 levels left

rFire   + . .        b - +4 spear "Munu" {speed, rElec rPois Int+2}
rCold   + . .        (no shield)
rNeg    . . .        g - +4 ring mail
rPois   +            (no helmet)
rElec   +            J - scarf {rC+ rF+}
rCorr   .            i - +2 pair of gloves {Str+3}
SInv    .            (no boots)
Will    .....        L - amulet of regeneration
Stlth   +++          (no ring)
HPRegen 1.13/turn    (no ring)
MPRegen 0.16/turn

%: no passive effects
@: grasped by roots, hasted, constricted, very quick
A: fangs 1, strong nose, distributed training
a: no special abilities


You were on level 9 of the Dungeon.
You visited 2 branches of the dungeon, and saw 10 of its levels.
You also visited: Sewer.

You collected 425 gold pieces.
You spent 300 gold pieces at shops.

Inventory:

Hand Weapons
 a - a +1 orcbow of draining
 b - the +4 spear "Munu" (weapon) {speed, rElec rPois Int+2}
   (You found it on level 3 of the Dungeon)

   Int+2:     It affects your intelligence (+2).
   rElec:     It insulates you from electricity.
   rPois:     It protects you from poison
 t - a +0 short sword
 w - a +0 lajatang
 x - a +2 short sword of electrocution
Missiles
 e - 5 curare-tipped darts (quivered)
 l - 2 atropa-tipped darts
Armour
 d - an orb of light
 g - a +4 ring mail (worn)
 i - a +2 pair of gloves of strength (worn)
 j - a +2 cloak
 o - a +0 robe
 C - a +0 buckler
 J - a scarf of resistance (worn)
Magical Staves
 D - the staff "Feaq" {Dex+5 Conj}
   (You found it on level 6 of the Dungeon)

   [staff of conjuration]

   Base accuracy: +5 Base damage: 5 Base attack delay: 1.2 This weapon's minimum
   attack delay (0.6) is reached at skill level 12.
   Dex+5:     It affects your dexterity (+5).
   Conj:      It increases the power of your Conjurations spells.
   It falls into the 'Staves' category.
   It is a one-handed weapon.
Jewellery
 k - an amulet of the acrobat
 I - a ring of ice
 L - an amulet of regeneration (around neck)
Wands
 u - a wand of roots (3)
 N - a wand of paralysis (5)
Scrolls
 f - a scroll of enchant armour
 h - 8 scrolls of identify
 m - a scroll of immolation
 q - 2 scrolls of revelation
 v - 4 scrolls of fog {unknown}
 y - a scroll of butterflies {unknown}
 E - a scroll of noise {unknown}
 G - 2 scrolls of teleportation {unknown}
 M - a scroll of brand weapon {unknown}
 O - a scroll of fear {unknown}
Potions
 c - 2 potions of ambrosia
 n - 3 potions of degeneration {unknown}
 s - 2 potions of brilliance {unknown}
 z - 4 potions of curing
 A - 3 potions of enlightenment
 B - a potion of mutation {unknown}
 F - a potion of berserk rage {unknown}
 K - 3 potions of attraction {unknown}


   Skills:
 + Level 8.8 Fighting
 + Level 8.8 Short Blades
 + Level 5.6 Long Blades
 + Level 5.6 Axes
 + Level 5.6 Maces & Flails
 + Level 5.6 Polearms
 + Level 5.6 Staves
 + Level 5.6 Ranged Weapons
 + Level 5.6 Throwing
 + Level 5.6 Armour
 + Level 8.8 Dodging
 + Level 5.6 Stealth
 + Level 5.6 Shields
 + Level 5.6 Unarmed Combat
 + Level 5.6 Spellcasting
 + Level 4.7 Conjurations
 + Level 4.7 Hexes
 + Level 4.7 Summonings
 + Level 4.7 Necromancy
 + Level 4.7 Translocations
 + Level 4.7 Transmutations
 + Level 4.7 Fire Magic
 + Level 4.7 Ice Magic
 + Level 4.7 Air Magic
 + Level 4.7 Earth Magic
 + Level 4.7 Poison Magic
 + Level 6.2 Invocations
 + Level 5.6 Evocations
 + Level 5.1 Shapeshifting


You had 17 spell levels left.
You knew the following spells:

 Your Spells              Type           Power      Damage    Failure   Level
a - Sandblast             Erth           36%        2d10      4%          1
b - Passwall              Tmut/Erth      15%        N/A       7%          2

Your spell library contained the following spells:

 Spells                   Type           Power      Damage    Failure   Level
 Blink                    Tloc           36%        N/A       7%          2
 Call Canine Familiar     Summ           18%        N/A       13%         3
 Inner Flame              Hex/Fire       18%        N/A       13%         3
 Ozocubu's Armour         Ice            18%        N/A       13%         3
 Sigil of Binding         Hex            18%        N/A       13%         3
 Stone Arrow              Conj/Erth      36%        3d9       13%         3
 Brom's Barrelling Bould  Conj/Erth      18%        2d4       41%         4
 Dimensional Bullseye     Hex/Tloc       9%         N/A       41%         4
 Flame Wave               Conj/Fire      18%        2d7       41%         4
 Leda's Liquefaction      Hex/Erth       9%         N/A       41%         4
 Manifold Assault         Tloc           18%        N/A       41%         4
 Sticky Flame             Conj/Fire      18%        2d4       41%         4
 Metabolic Englaciation   Hex/Ice        9%         N/A       77%         5
 Simulacrum               Ice/Necr       9%         N/A       100%        6


Dungeon Overview and Level Annotations

Branches:
Dungeon (9/15)             Temple (1/1) D:7             Orc (0/2) D:9
  Sewer (visited)
   Lair: D:8-11

Altars:
Ashenzari
Dithmenos
Elyvilon
Fedhas
Gozag
Hepliaklqana
Kikubaaqudgha
Makhleb
Nemelex Xobeh
Okawaru
Qazlal
Ru
Sif Muna
Trog
Uskayaw
Vehumet
Wu Jian
Xom
Yredelemnul
Zin
The Shining One

Shops:
D:1 =   D:9 (


Innate Abilities, Weirdness & Mutations

You have very sharp teeth.
Your uncanny sense of smell can sniff out nearby items.
Your experience applies equally to all skills.


Message History

You hit something but do no damage. Something hits you.
Something bites you but does no damage.
You are constricted.
The grasping roots release their grip on you.
As you read the scroll labelled XIXTYVEITS, it crumbles to dust.
It is a scroll of enchant armour.
Your +3 ring mail glows green for a moment.
As you read the scroll labelled CEAG DEVYSEA, it crumbles to dust.
It is a scroll of identify.
m - a scroll of immolation Something hits you!
* * * LOW HITPOINT WARNING * * *
Something bites you!
* * * LOW HITPOINT WARNING * * *
Something draws strength from your injuries!
The air fills with toxic fumes!
As you read the scroll labelled NEDOMEKHLIJAU, it crumbles to dust.
It was a scroll of poison.
As you read the scroll labelled UWU LOPNAL, it crumbles to dust.
You feel aware of your surroundings.
It was a scroll of revelation.
The vampire zaps a wand.
The roots erupt in riotous growth!
The grasping roots grab you!
The vampire is unaffected.
The grasping roots constrict you.
* * * LOW HITPOINT WARNING * * *
Press: ? - help, v - describe, . - travel
Here: a vampire, carrying a wand of roots (lightly damaged, slightly transparent)
The floor, spattered with blood.
Casting: Sandblast (safe; 4% risk of failure)
Confirm with . or Enter, or press ? or * to list all spells.
Aiming: Sandblast (safe; 4% risk of failure)
Press: ? - help, Shift-Dir - straight line, f - vampire
Aim: a vampire, carrying a wand of roots (lightly damaged, slightly transparent, 82% to hit)
The blast of sand hits the vampire but does no damage.
The vampire is lightly damaged.
Something hits you!
* * * LOW HITPOINT WARNING * * *
Something bites you.
* * * LOW HITPOINT WARNING * * *
Something draws strength from your injuries!
You are constricted.
You die...

******** ##########.....§####
**#....§§§§§....#§§§##
***,+....§§§§§§..#§#§.##
,,*,#....§§§§§§.#§§§#§##
,,,,#....§§§§§§#.§§.§###
,,**#....§§§§§§§#§.§#.## ,,*
#....§§§§§§§§#§#..## ,,*
#....§§§§§§{@§#...## ,**
##########§######### ,*
#####.######### ,*
#####.######### ,*
#####.######### ,*
#####.################
,#############'######.........#
,#.##............####.........#
,#..#............'.##.........#


There were no monsters in sight!

Vanquished Creatures
  Pikel (D:6)
  A hornet (D:8)
  8 yaks
  A steam dragon (D:8)
  A water moccasin (D:9)
  Duvessa (D:5)
  An ice beast (D:6)
  3 black bears
  2 ogres
  2 centaurs (D:7)
  6 kobold brigands
  3 bullfrogs
  A scorpion (D:4)
  A gnoll sergeant (D:6)
  8 wights
  Dowan (D:5)
  13 killer bees
  2 howler monkeys
  A jelly (D:5)
  6 hounds
  A gnoll bouda (D:5)
  5 orc priests
  2 sleepcaps
  4 iguanas
  5 orc wizards
  10 gnolls
  6 adders
  A shadow imp (D:8)
  4 white imps
  4 ufetubi (D:6)
  A worm (D:2)
  2 dart slugs
  25 orcs
  A bat (D:1)
  6 endoplasms
  5 giant cockroaches
  11 goblins
  8 hobgoblins
  3 jackals (Sewer)
  5 quokkas
  6 ball pythons
  3 frilled lizards
  21 kobolds
  3 rats
205 creatures vanquished.

Notes
Turn   | Place    | Note
-------+----------+-------------------------------------------
     0 | D:1      | blake the Gnoll Monk began the quest for the Orb.
     0 | D:1      | Reached XP level 1. HP: 23/23 MP: 1/1
    72 | D:1      | Found Razxoew's Jewellery Shoppe.
   483 | D:1      | Reached XP level 2. HP: 29/29 MP: 2/2
   838 | D:2      | Reached XP level 3. HP: 35/35 MP: 3/3
   921 | D:2      | Reached skill level 1 in Invocations
   928 | D:2      | Reached skill level 1 in Long Blades
   928 | D:2      | Reached skill level 1 in Axes
   928 | D:2      | Reached skill level 1 in Maces & Flails
   928 | D:2      | Reached skill level 1 in Polearms
   928 | D:2      | Reached skill level 1 in Staves
   928 | D:2      | Reached skill level 1 in Ranged Weapons
   928 | D:2      | Reached skill level 1 in Throwing
   928 | D:2      | Reached skill level 1 in Armour
   928 | D:2      | Reached skill level 1 in Stealth
   928 | D:2      | Reached skill level 1 in Shields
   928 | D:2      | Reached skill level 1 in Unarmed Combat
   928 | D:2      | Reached skill level 1 in Spellcasting
   928 | D:2      | Reached skill level 1 in Evocations
   975 | D:2      | Reached XP level 4. HP: 15/41 MP: 5/5
   995 | D:2      | Reached skill level 1 in Shapeshifting
  1176 | D:3      | Reached skill level 1 in Conjurations
  1176 | D:3      | Reached skill level 1 in Hexes
  1176 | D:3      | Reached skill level 1 in Summonings
  1176 | D:3      | Reached skill level 1 in Necromancy
  1176 | D:3      | Reached skill level 1 in Translocations
  1176 | D:3      | Reached skill level 1 in Transmutations
  1176 | D:3      | Reached skill level 1 in Fire Magic
  1176 | D:3      | Reached skill level 1 in Ice Magic
  1176 | D:3      | Reached skill level 1 in Air Magic
  1176 | D:3      | Reached skill level 1 in Earth Magic
  1176 | D:3      | Reached skill level 1 in Poison Magic
  1186 | D:3      | Learned a level 1 spell: Sandblast
  1323 | D:3      | Reached XP level 5. HP: 26/47 MP: 4/7
  1455 | D:3      | Found a faded altar of an unknown god.
  1891 | D:3      | Identified the +4 spear "Munu" {speed, rElec rPois Int+2}
  2016 | D:4      | Reached XP level 6. HP: 53/53 MP: 8/8
  2475 | D:5      | Entered Level 5 of the Dungeon
  2585 | D:5      | Reached XP level 7. HP: 34/59 MP: 10/10
  2641 | D:5      | Noticed Duvessa
  2645 | D:5      | Noticed Dowan
  2652 | D:5      | Killed Duvessa
  2667 | D:5      | Killed Dowan
  3046 | D:5      | Found a glowing drain.
  3062 | Sewer    | Entered a sewer
  3161 | Sewer    | Reached XP level 8. HP: 63/67 MP: 12/12
  3231 | Sewer    | Found a glowing silver altar of Zin.
  3731 | D:6      | Noticed Pikel
  3784 | D:6      | Killed Pikel
  3785 | D:6      | Reached XP level 9. HP: 45/74 MP: 13/15
  3788 | D:6      | Identified the staff "Feaq" {Dex+5 Conj}
  4373 | D:7      | Reached skill level 5 in Invocations
  4452 | D:7      | Learned a level 2 spell: Passwall
  4688 | D:7      | Reached XP level 10. HP: 66/80 MP: 17/17
  4716 | D:7      | Found a staircase to the Ecumenical Temple.
  4726 | Temple   | Entered the Ecumenical Temple
  4767 | D:7      | Reached skill level 5 in Long Blades
  4767 | D:7      | Reached skill level 5 in Axes
  4767 | D:7      | Reached skill level 5 in Maces & Flails
  4767 | D:7      | Reached skill level 5 in Polearms
  4767 | D:7      | Reached skill level 5 in Staves
  4767 | D:7      | Reached skill level 5 in Ranged Weapons
  4767 | D:7      | Reached skill level 5 in Throwing
  4767 | D:7      | Reached skill level 5 in Armour
  4767 | D:7      | Reached skill level 5 in Stealth
  4767 | D:7      | Reached skill level 5 in Shields
  4767 | D:7      | Reached skill level 5 in Unarmed Combat
  4767 | D:7      | Reached skill level 5 in Spellcasting
  4767 | D:7      | Reached skill level 5 in Evocations
  5088 | D:1      | Bought an amulet of regeneration for 300 gold pieces
  5757 | D:8      | Found a shimmering blue altar of Sif Muna.
  5757 | D:8      | Found a burning altar of Makhleb.
  5800 | D:8      | Found a glowing silver altar of Zin.
  5911 | D:8      | Paralysed by a hornet for 3 turns
  5920 | D:8      | Paralysed by a hornet for 2 turns
  6154 | D:9      | Reached skill level 5 in Shapeshifting
  6435 | D:9      | Found Jidudoh's Antique Weapon Shoppe.
  6477 | D:9      | HP: 4/82 [something (11)]
  6498 | D:9      | HP: 3/82 [something (9)]
  6498 | D:9      | HP: 1/82 [something (2)]
  6516 | D:9      | HP: 4/82 [something (7)]
  6516 | D:9      | Constricted to death by a vampire

Illustrated notes

Levels and vault maps discovered:
D:1:      dpeg_arrival_tiny_f, layout_basic, serial_shops, shop,
          chequers_serial_rivers_micro_d, corexii_corridor_pit,
          chequers_mini_garden, minmay_statues_item
D:2:      cheibrodos_helix_gallery, layout_basic
D:3:      corexii_shack_village, layout_basic, ebering_ecumenical_altar_box
D:4:      layout_loops_cross, minmay_misc_feat_x
D:5:      layout_rooms, gup_sewer_entry_pipe, uniq_duvessa
D:6:      layout_gridville, minivault_10, lightli_orcish_oven, uniq_pikel
D:7:      layout_basic, minmay_temple_entry_grid, serial_shops,
          nicolae_shop_advertising_works [nicolae_subvault_shop_adworks]
D:8:      layout_loops_ring, gammafunk_temple_overflow_forgotten
D:9:      layout_roguey, orc_0_dummy, serial_shops, nicolae_diamond_shop,
          columned_hall_lemuel
Temple:   mainiacjoe_temple_bowtie_tessellation

Skill      XL: |  1  2  3  4  5  6  7  8  9 10 |
---------------+-------------------------------+-----
Invocations    | 1 2 3 4 5 6 |  6.2
Long Blades    | 1 2 4 5 |  5.6
Axes           | 1 2 4 5 |  5.6
Maces & Flails | 1 2 4 5 |  5.6
Polearms       | 1 2 4 5 |  5.6
Staves         | 1 2 4 5 |  5.6
Ranged Weapons | 1 2 4 5 |  5.6
Throwing       | 1 2 4 5 |  5.6
Armour         | 1 2 4 5 |  5.6
Stealth        | 1 2 4 5 |  5.6
Shields        | 1 2 4 5 |  5.6
Unarmed Combat | 1 2 4 5 |  5.6
Spellcasting   | 1 2 4 5 |  5.6
Evocations     | 1 2 4 5 |  5.6
Shapeshifting  | 1 2 3 4 5 |  5.1
Conjurations   | 1 2 3 4 |  4.7
Hexes          | 1 2 3 4 |  4.7
Summonings     | 1 2 3 4 |  4.7
Necromancy     | 1 2 3 4 |  4.7
Translocations | 1 2 3 4 |  4.7
Transmutations | 1 2 3 4 |  4.7
Fire Magic     | 1 2 3 4 |  4.7
Ice Magic      | 1 2 3 4 |  4.7
Air Magic      | 1 2 3 4 |  4.7
Earth Magic    | 1 2 3 4 |  4.7
Poison Magic   | 1 2 3 4 |  4.7
Fighting       | 7 8 |  8.8
Short Blades   | 7 8 |  8.8
Dodging        | 7 8 |  8.8

Action                     |  1- 3 |  4- 6 |  7- 9 | 10-12 || total
---------------------------+-------+-------+-------+-------++-------
  Melee: Short sword       |   110 |   170 |       |       ||   280
         Bite              |    13 |    27 |    62 |    38 ||   140
         Spear             |       |    60 |   548 |   394 ||  1002
         Punch             |       |       |       |    11 ||    11
   Fire: Sling             |       |     2 |    22 |     3 ||    27
         Orcbow            |       |       |       |     7 ||     7
  Throw: Dart              |       |       |     6 |       ||     6
   Cast: Sandblast         |       |     2 |     1 |     1 ||     4
  Evoke: Wand              |       |       |     1 |     4 ||     5
    Use: Potion            |       |     3 |       |     5 ||     8
         Scroll            |       |       |       |     4 ||     4
   Stab: Sleeping          |       |       |     1 |     3 ||     4
         Paralysed         |       |       |       |     3 ||     3
         Distracted        |       |       |       |     1 ||     1
 Armour: Robe              |    27 |    47 |       |       ||    74
         Ring mail         |       |    19 |   193 |   198 ||   410
  Dodge: Dodged            |    50 |   114 |   234 |   193 ||   591
  Block: Buckler           |       |       |    52 |     6 ||    58

Table legend: (Time is in decaauts)
 A = Elapsed time spent in this place.
 B = Non-inter-level travel time spent in this place.
 C = Inter-level travel time spent in this place.
 D = Time resting spent in this place.
 E = Time spent auto-exploring this place.
 F = Levels seen in this place.
 G = Mean time per level.
                   A        B        C        D        E       F      G
               +--------+--------+--------+--------+--------+-----+--------+
         Total |   6057 |   5525 |    532 |      0 |   3907 |  11 |  550.6 |
       Dungeon |   5834 |   5302 |    532 |      0 |   3767 |   9 |  648.2 |
        Temple |      1 |      1 |      0 |      0 |      0 |   1 |    1.0 |
         Sewer |    221 |    221 |      0 |      0 |    140 |   1 |  221.0 |
               +--------+--------+--------+--------+--------+-----+--------+

Top non-repeatable levels by time:
     D:7: 845 daAuts
     D:6: 762 daAuts
     D:3: 753 daAuts
     D:1: 707 daAuts
     D:5: 658 daAuts
     D:4: 632 daAuts
     D:8: 624 daAuts
     D:2: 548 daAuts
     D:9: 300 daAuts
   Sewer: 221 daAuts
  Temple: 1 daAuts
